 Dungeon Crawl Stone Soup version 0.29-a0-453-gf113fcf677 (webtiles) character file.

Game seed: 11023688568498183768

22533 Bruhh the Thaumaturge (level 12, -2/101 HPs)
             Began as a White Draconian Air Elementalist on May 20, 2022.
             Was an Initiate of Gozag.
             Slain by a culicivora (13 damage)
             ... on level 2 of the Lair of Beasts.
             The game lasted 00:50:57 (23519 turns).

Bruhh the Thaumaturge (DrAE)                       Turns: 23519, Time: 00:50:57

Health: -2/101     AC:  8    Str: 11    XL:     12   Next: 63%
Magic:  15/28      EV: 12    Int: 24    God:    Gozag
Gold:   1405       SH:  0    Dex: 12    Spells: 4/35 levels left

rFire   . . .      SeeInvis .   H - +3 short sword of Wasoptol {vorpal, Drain Will++ Int+4}
rCold   + . .      Faith    .   (no shield)
rNeg    . . .      Spirit   .   (body armour unavailable)
rPois   .          Reflect  .   (helmet restricted)
rElec   .          Harm     .   (no cloak)
rCorr   .          Rampage  .   (no gloves)
Will    ++...                   (no boots)
Stlth   ++........              I - amulet of regeneration
HPRegen 1.06/turn               (no ring)
MPRegen 0.21/turn               (no ring)

@: gold aura, studying Short Blades
A: breathe frost, AC +8, unfitting armour, cold resistance 1, cold-blooded
a: Breathe Frost, Renounce Religion, Potion Petition, Call Merchant, Bribe
Branch


You were on level 2 of the Lair of Beasts.
You worshipped Gozag.
Gozag was most pleased with you.
You visited 3 branches of the dungeon, and saw 15 of its levels.
You also visited: Bailey.

You collected 2701 gold pieces.
You spent 565 gold pieces at shops.
You paid 731 gold pieces to Gozag.

Inventory:

Hand Weapons
 a - a +0 quarterstaff
 m - a +1 dagger of protection
 H - the +3 short sword of Wasoptol (weapon) {vorpal, Drain Will++ Int+4}
   (You bought it in a shop on level 10 of the Dungeon)

   It inflicts extra damage upon your enemies.
   Int:       It affects your intelligence (+4).
   Drain:     It drains your maximum health when unequipped.
   Will:      It greatly increases your willpower.
Jewellery
 b - a ring of protection from cold
 g - a ring of poison resistance
 o - a ring of resist corrosion
 t - a ring of protection from fire
 y - a ring of ice
 G - a ring of positive energy
 I - an amulet of regeneration (around neck)
 M - an amulet of the acrobat
 N - a +4 ring of evasion
Wands
 p - a wand of iceblast (16)
 r - a wand of paralysis (8)
 J - a wand of polymorph (7)
 K - a wand of flame (9)
Scrolls
 c - 2 scrolls of enchant armour
 e - 2 scrolls of teleportation
 f - 3 scrolls of blinking
 h - 4 scrolls of identify
 j - a scroll of noise
 k - a scroll of summoning
 n - a scroll of torment
 u - a scroll of fear
 v - 2 scrolls of brand weapon
 x - 3 scrolls of fog
 D - a scroll of poison {unknown}
 E - a scroll of magic mapping
 L - a scroll of silence {unknown}
Potions
 d - 4 potions of flight
 i - 2 potions of might
 l - 2 potions of curing
 q - a potion of degeneration
 s - 3 potions of lignification
 w - a potion of mutation {unknown}
 z - a potion of invisibility {unknown}
 A - 2 potions of cancellation {unknown}
 B - a potion of brilliance {unknown}
 C - a potion of haste {unknown}
 F - a potion of ambrosia {unknown}


   Skills:
 - Level 8.0 Fighting
 - Level 1.7 Dodging
 - Level 1.7 Stealth
 - Level 12.0 Spellcasting
 + Level 11.7 Conjurations
 - Level 11.0 Air Magic


You had 4 spell levels left.
You knew the following spells:

 Your Spells              Type           Power      Damage    Failure   Level
a - Shock                 Conj/Air       100%       1d9       1%          1
b - Static Discharge      Conj/Air       62%        N/A       1%          2
c - Airstrike             Air            30%        N/A       1%          4
d - Lightning Bolt        Conj/Air       31%        1d48      1%          5
e - Iskenderun's Battles  Conj           63%        2d11      1%          5
f - Conjure Ball Lightni  Conj/Air       31%        3x3d10    6%          6
g - Fulminant Prism       Conj/Hex       21%        3d13      3%          4
h - Iskenderun's Mystic   Conj/Tloc      42%        2d10      3%          4

Your spell library contained the following spells:

 Spells                   Type           Power      Damage    Failure   Level
 Dazzling Flash           Conj/Hex       84%        N/A       1%          3
 Swiftness                Air            61%        N/A       1%          3
 Frozen Ramparts          Ice            28%        1d4       13%         3
 Ice Form                 Ice/Tmut       14%        N/A       38%         4
 Summon Ice Beast         Ice/Summ       14%        N/A       38%         4
 Fireball                 Conj/Fire      21%        3d10      11%         5
 Silence                  Hex/Air        20%        N/A       12%         5
 Orb of Destruction       Conj           31%        9d10      28%         7
 Agony                    Necr           14%        N/A       75%         5
 Lee's Rapid Deconstruct  Erth           7%         3d7*      75%         5
 Maxwell's Capacitive Co  Air            30%        ∞         97%         8
 Dispersal                Tloc           7%         N/A       100%        6
 Disjunction              Tloc           7%         N/A       100%        8


Dungeon Overview and Level Annotations

Branches:
Dungeon (12/15)            Temple (1/1) D:4            Lair (2/6) D:11
 Shoals (0/4) Lair:2       Spider (0/4) Lair:2          Orc (0/2) D:11
 Bailey (visited)

Altars:
Ashenzari
Cheibriados
Dithmenos
Elyvilon
Fedhas
Gozag
Hepliaklqana
Kikubaaqudgha
Makhleb
Nemelex Xobeh
Okawaru
Qazlal
Ru
Sif Muna
Trog
Uskayaw
Vehumet
Wu Jian
Xom
Yredelemnul
Zin
The Shining One

Shops:
D:7 [   D:10 (

Annotations:
D:2 1 runed translucent door, Crazy Yiuf
D:4 Pikel
D:12 1 runed translucent door, Snorg


Innate Abilities, Weirdness & Mutations

You can breathe waves of freezing cold which knock back foes.
Your icy white scales are hard. (AC +8)
You cannot fit into any form of body armour.
Your flesh is cold resistant. (rC+)
You are cold-blooded and may be slowed by cold attacks.


Message History

You are struck by an arc of lightning.
The culicivora closely misses you.
Casting: Static Discharge (safe; 1% risk of failure)
Confirm with . or Enter, or press ? or * to list all spells.
The culicivora is struck by an arc of lightning!
The culicivora is moderately wounded.
You are struck by an arc of lightning.
The culicivora is struck by an arc of lightning!
The culicivora is heavily wounded.
You are struck by an arc of lightning.
The lightning grounds out.
The culicivora bites you!
The culicivora draws strength from your injuries!
Casting: Static Discharge (safe; 1% risk of failure)
Confirm with . or Enter, or press ? or * to list all spells.
The culicivora is struck by an arc of lightning.
The culicivora is heavily wounded.
The lightning grounds out.
The culicivora closely misses you. The culicivora bites you.
The culicivora draws strength from your injuries!
Unknown command.
Casting: Static Discharge (safe; 1% risk of failure)
Confirm with . or Enter, or press ? or * to list all spells.
The culicivora is struck by an arc of lightning.
The culicivora is heavily wounded.
You are struck by an arc of lightning.
The culicivora is struck by an arc of lightning!
The culicivora is severely wounded.
You are struck by an arc of lightning.
The lightning grounds out.
The culicivora is distracted by your dazzling golden aura.
Casting: Static Discharge (safe; 1% risk of failure)
Confirm with . or Enter, or press ? or * to list all spells.
The culicivora is struck by an arc of lightning!
The culicivora is no longer distracted by gold.
The culicivora is almost dead.
You are struck by an arc of lightning.
The lightning grounds out.
The culicivora bites you!!
* * * LOW HITPOINT WARNING * * *
The culicivora draws strength from your injuries!
The culicivora bites you!
You die...
Your body crumbles into a pile of gold.

****,*,,,*****,,,,,*#........###.
* ****,,,..,**,,*$^*##.......# #.
***,*,,,,...**,,,*,*,###.....###.
,,,,,,,,,##.#*#,,,*,.†###....≈.##
,,,,,,,,,#...#.#,*,†...##..##.≈≈≈
,,,,,,>,,*,...#^,,#)..,>#..##...≈
,,***,,,,*,,,...,#..,,,*#..####..
,****,.,,*****#^#s#,,,**#...,,###
,,,**,...,** ###@###****#....,,,#
,,,,,,.....###.....#***,.....,,,,
,,,,,,.............#*,,,....#.,,,
,,,,,,......##†....#**,,,...***,,
,,>,,,.....,*##^..## **,...##**,,
,,,,,,...P,**#.#.#.###**....#.#,,
,,,,,,...*,* ######..###.........
,,,,,,..,,******##..##.P.........
,,,,,,.,,**,*#P.#................


You could see a culicivora.

Vanquished Creatures
  Erica (D:8)
  4 two-headed ogres
  3 death yaks
  A deep elf pyromancer (Bailey)
  3 merfolk sirens (Lair:2)
  Maurice (D:8)
  4 cane toads (Lair:1)
  A kobold demonologist (D:11)
  Psyche (D:8)
  A komodo dragon (Lair:1)
  2 trolls
  A merfolk (Lair:2)
  Grinder (D:3)
  5 blink frogs (Lair:2)
  2 shadows (D:11)
  A culicivora (Lair:2)
  2 wyverns
  3 wraiths
  A vampire (D:10)
  31 yaks
  A basilisk (Lair:1)
  5 vampire mosquitoes (D:11)
  An acid dragon (D:11)
  5 water moccasins
  9 orc warriors
  A sky beast (D:8)
  3 black bears
  An ice beast (D:5)
  2 centaurs
  A phantom (D:6)
  6 kobold brigands
  6 bullfrogs
  8 gnoll sergeants
  15 wights
  4 scorpions
  5 killer bees (D:9)
  3 howler monkeys
  A hound (D:5)
  3 orc priests
  4 iguanas
  9 orc wizards
  9 gnolls
  5 adders
  A shadow imp (D:6)
  An ufetubus (D:6)
  2 worms
  4 dart slugs
  35 orcs
  6 endoplasms
  7 giant cockroaches
  9 goblins
  8 hobgoblins
  6 jackals
  32 kobolds
  3 quokkas
  7 ball pythons
  3 bats
  A frilled lizard (D:1)
  5 rats
306 creatures vanquished.

Vanquished Creatures (collateral kills)
  An orc knight (Bailey)
  A black bear (D:7)
2 creatures vanquished.

Vanquished Creatures (others)
  16 ball lightnings
  A bush (Lair:1)
  2 fulminant prisms
  8 fungi
  12 plants
39 creatures vanquished.

Grand Total: 347 creatures vanquished

Notes
Turn   | Place    | Note
-------+----------+-------------------------------------------
     0 | D:1      | Bruhh the Draconian Air Elementalist began the quest for
                  | the Orb.
     0 | D:1      | Reached XP level 1. HP: 14/14 MP: 3/3
    86 | D:1      | Found a faded altar of an unknown god.
   419 | D:2      | Reached XP level 2. HP: 20/20 MP: 3/5
  1861 | D:1      | Reached XP level 3. HP: 23/26 MP: 6/6
  2277 | D:2      | Found a shadowy altar of Dithmenos.
  2848 | D:2      | Found a runed translucent door.
  2849 | D:2      | Noticed Crazy Yiuf
  3436 | D:3      | Noticed Grinder
  3449 | D:3      | Found a shimmering blue altar of Sif Muna.
  3492 | D:4      | Noticed a lemure
  3494 | D:4      | Noticed Pikel
  3508 | D:3      | Paralysed by Grinder for 3 turns
  3514 | D:3      | Killed Grinder
  3515 | D:3      | Reached skill level 5 in Air Magic
  3515 | D:3      | Reached skill level 3 in Spellcasting
  3515 | D:3      | Reached XP level 4. HP: 19/33 MP: 0/9
  3515 | D:3      | Reached XP level 5. HP: 22/38 MP: 0/10
  3518 | D:3      | Learned a level 2 spell: Static Discharge
  3782 | D:3      | Found a bloodstained altar of Trog.
  4193 | D:3      | Found a burning altar of Makhleb.
  4236 | D:3      | Reached XP level 6. HP: 45/45 MP: 4/11
  4837 | D:4      | Found a staircase to the Ecumenical Temple.
  4876 | Temple   | Entered the Ecumenical Temple
  5003 | Temple   | Became a worshipper of Gozag Ym Sagoz the Greedy
  5132 | D:4      | Found an iron altar of Okawaru.
  5132 | D:4      | Found a hide-covered altar of Uskayaw.
  5261 | D:4      | Reached skill level 4 in Spellcasting
  5544 | D:5      | Entered Level 5 of the Dungeon
  5567 | D:5      | Noticed an ice beast
  5573 | D:5      | Killed an ice beast
  5827 | D:5      | Reached skill level 5 in Spellcasting
  6051 | D:5      | Noticed a water moccasin
  6057 | D:5      | Killed a water moccasin
  6058 | D:5      | Your scales start taking on an icy white colour.
  6058 | D:5      | Reached XP level 7. HP: 39/50 MP: 5/14
  6058 | D:5      | Gained mutation: Your flesh is cold resistant. (rC+) [White
                  | Draconian growth]
  6629 | D:6      | Found a glowing drain.
  7135 | D:5      | Reached XP level 8. HP: 48/57 MP: 6/15
  7750 | D:6      | Reached skill level 1 in Fighting
  7986 | D:6      | Learned a level 4 spell: Airstrike
  8302 | D:6      | Found a glowing golden altar of the Shining One.
  8952 | D:7      | Reached skill level 5 in Fighting
  9139 | D:7      | Found Jelegg's Armour Shoppe.
  9968 | D:8      | Reached skill level 5 in Conjurations
  9968 | D:8      | Reached XP level 9. HP: 20/75 MP: 5/16
 10527 | D:8      | Identified the +6 chain mail of Sauveoz {Dex+4 Slay+2}
 11635 | D:9      | Found a flagged portal.
 11641 | D:10     | Entered Level 10 of the Dungeon
 12112 | Bailey   | Entered a bailey
 12409 | Bailey   | HP: 3/80 [orc warrior/+0 halberd (16)]
 12863 | Bailey   | Noticed an orc knight
 12882 | Bailey   | Killed an orc knight
 13021 | Bailey   | Found a large runed translucent door.
 13021 | Bailey   | Found a large runed translucent door.
 13022 | Bailey   | Noticed a deep elf pyromancer
 13114 | Bailey   | Killed a deep elf pyromancer
 13230 | D:9      | Identified the +4 giant club "Qubuklu" {antimagic, rPois
                  | Str-5 Int+5}
 13235 | D:9      | Reached XP level 10. HP: 81/88 MP: 7/17
 13362 | D:9      | Learned a level 5 spell: Lightning Bolt
 13702 | D:8      | Noticed Erica
 13713 | D:8      | Killed Erica
 13723 | D:8      | Learned a level 5 spell: Iskenderun's Battlesphere
 13843 | D:8      | Noticed Psyche
 13844 | D:8      | Reached skill level 10 in Air Magic
 14158 | D:8      | Noticed Maurice
 14674 | D:8      | Killed Maurice
 14960 | D:8      | You fall into a shaft and drop 1 floor!
 15075 | D:9      | Found a sparkling altar of Nemelex Xobeh.
 15454 | D:8      | Killed Psyche
 16128 | D:10     | Found Wiefulla's Weapon Emporium.
 16136 | D:10     | Bought the +3 short sword of Wasoptol {vorpal, Drain Will++
                  | Int+4} for 565 gold pieces
 16161 | D:10     | Noticed a two-headed ogre
 16168 | D:10     | Killed a two-headed ogre
 16169 | D:10     | Reached skill level 6 in Spellcasting
 16755 | D:10     | Reached skill level 7 in Spellcasting
 17082 | D:10     | HP: 3/88 [yak (14)]
 17085 | D:10     | Reached XP level 11. HP: 20/94 MP: 12/22
 17529 | D:10     | Noticed a two-headed ogre
 17534 | D:10     | Killed a two-headed ogre
 17535 | D:10     | Reached skill level 8 in Spellcasting
 18215 | D:11     | Noticed a two-headed ogre
 18217 | D:11     | Noticed a death yak
 18218 | D:11     | Noticed a death yak
 18219 | D:11     | Noticed a two-headed ogre
 18220 | D:11     | Killed a two-headed ogre
 18221 | D:11     | Reached skill level 9 in Spellcasting
 18861 | D:11     | Learned a level 6 spell: Conjure Ball Lightning
 19183 | D:10     | Learned a level 4 spell: Fulminant Prism
 19235 | D:11     | Killed a two-headed ogre
 19287 | D:11     | Noticed a death yak
 19290 | D:11     | Noticed a death yak
 19507 | D:10     | Killed a death yak
 19731 | D:11     | Found a staircase to the Lair.
 19731 | D:11     | Noticed a death yak
 19800 | D:12     | Identified the +5 demon whip of Uvoklev {venom, rC- rN++}
 19827 | D:12     | Noticed a skeletal warrior
 19842 | D:12     | Noticed Snorg
 19856 | D:12     | Found a runed translucent door.
 19856 | D:12     | Noticed a two-headed ogre
 19863 | D:11     | Reached skill level 10 in Spellcasting
 20018 | D:10     | Killed a death yak
 20421 | D:11     | Killed a death yak
 20740 | D:11     | Found a staircase to the Orcish Mines.
 21177 | Lair:1   | Entered Level 1 of the Lair of Beasts
 21237 | Lair:1   | Reached skill level 11 in Spellcasting
 21614 | Lair:1   | Reached XP level 12. HP: 95/101 MP: 20/27
 22276 | Lair:1   | Reached skill level 12 in Spellcasting
 22276 | Lair:1   | Reached skill level 10 in Conjurations
 22683 | Lair:1   | Learned a level 4 spell: Iskenderun's Mystic Blast
 23232 | Lair:2   | Found a staircase to the Shoals.
 23519 | Lair:2   | Slain by a culicivora

Illustrated notes

Levels and vault maps discovered:
D:1:      minmay_arrival_glassed_features, layout_rooms,
          shapermc_ecumenical_altar_starsandcircs, grunt_decor_resistance
D:2:      layout_loops_ring, basic_altar, dk_noncrumbling_4, minmay_unequal,
          uniq_crazy_yiuf_cottage
D:3:      layout_basic, mainiacjoe_overflow_boulevard,
          mainiacjoe_overflow_paths, mainiacjoe_overflow_alcove_4, uniq_grinder
D:4:      layout_loops_corners, gammafunk_temple_overflow_elements,
          temple_doors_e, uniq_pikel
D:5:      layout_basic
D:6:      minmay_flawed_box, layout_loops_ring, mainiacjoe_overflow_brackets,
          portal_sewer_entry_a, lemuel_flame_loot_1
D:7:      layout_cave_pods, serial_shops, nicolae_shop_window_shopping
D:8:      nicolae_cairo_tiling, layout_cave_pods, serial_co_window_serial,
          co_window_of_opportunity_a, co_window_corner_a, co_window_paths_a,
          co_window_paths_a, co_window_corner_a, co_window_corner_a,
          co_window_paths_b, co_window_corner_b, co_window_2corner,
          enter_ossuary_2, uniq_psyche, uniq_maurice, uniq_erica
D:9:      layout_gridville, lemuel_tele_altar, enter_bailey_5
D:10:     layout_irregular_city, serial_shops, shop
D:11:     layout_small_grid, dpeg_lair_monsters,
          kennysheep_orc_monster_closet_entryway
D:12:     cheibrodos_shockbox, layout_loops_ring, uniq_urug, uniq_snorg
Temple:   regret_index_temple_waves
Lair:1:   layout_regular_city, st_stairs_10, serial_bayou_pond_a,
          chequers_serial_rivers_micro_c, grunt_megastairs_4,
          infiniplex_staircase_pool_2
Lair:2:   layout_small_grid, elwin_shoals_entry_stream,
          hellmonk_spider_entry_life_and_decay

Skill      XL: |  1  2  3  4  5  6  7  8  9 10 11 12 |
---------------+-------------------------------------+-----
Conjurations   | 2 3 5 7 8 9 11 | 11.7
Air Magic      | 5 7 8 11 | 11.0
Spellcasting   | 3 5 7 11 12 | 12.0
Fighting       | 6 8 |  8.0
Dodging        | |  1.7
Stealth        | |  1.7

Action                   |  1- 3 |  4- 6 |  7- 9 | 10-12 || total
-------------------------+-------+-------+-------+-------++-------
Melee: Unarmed           |    68 |       |       |       ||    68
       Tailslap          |    10 |       |     8 |    13 ||    31
       Punch             |     1 |       |       |     1 ||     2
       Quarterstaff      |     4 |       |       |       ||     4
       Dagger            |    28 |    11 |    52 |    32 ||   123
       Short sword       |       |       |       |    45 ||    45
 Cast: Shock             |    82 |    55 |    17 |     7 ||   161
       Static Discharge  |       |     7 |   135 |   237 ||   379
       Airstrike         |       |       |     2 |    24 ||    26
       Iskenderun's Batt |       |       |       |     9 ||     9
       Lightning Bolt    |       |       |       |     9 ||     9
       Conjure Ball Ligh |       |       |       |     6 ||     6
       Fulminant Prism   |       |       |       |     2 ||     2
       Iskenderun's Myst |       |       |       |     3 ||     3
Invok: Potion Petition   |       |       |     1 |       ||     1
 Abil: Breathe Frost     |       |       |     1 |     2 ||     3
  Use: Potion            |     2 |       |     6 |    11 ||    19
       Scroll            |     3 |       |    12 |     4 ||    19
 Stab: Distracted        |     1 |       |       |       ||     1
Armor: Skin              |    58 |    11 |    90 |    99 ||   258
Dodge: Dodged            |    96 |    29 |   155 |   185 ||   465

Table legend: (Time is in decaauts)
 A = Elapsed time spent in this place.
 B = Non-inter-level travel time spent in this place.
 C = Inter-level travel time spent in this place.
 D = Time resting spent in this place.
 E = Time spent auto-exploring this place.
 F = Levels seen in this place.
 G = Mean time per level.
                   A        B        C        D        E       F      G
               +--------+--------+--------+--------+--------+-----+--------+
         Total |  23561 |  23021 |    540 |   4858 |  14934 |  16 | 1472.6 |
       Dungeon |  19996 |  19508 |    488 |   4746 |  12259 |  12 | 1666.3 |
        Temple |    148 |    117 |     31 |      0 |    101 |   1 |  148.0 |
          Lair |   2350 |   2329 |     21 |      0 |   1902 |   2 | 1175.0 |
        Bailey |   1065 |   1065 |      0 |    112 |    672 |   1 | 1065.0 |
               +--------+--------+--------+--------+--------+-----+--------+

Top non-repeatable levels by time:
    D:10: 3300 daAuts
     D:7: 2953 daAuts
     D:2: 2450 daAuts
     D:8: 2178 daAuts
     D:5: 1862 daAuts
  Lair:1: 1535 daAuts
    D:11: 1454 daAuts
     D:9: 1417 daAuts
     D:6: 1309 daAuts
     D:3: 1280 daAuts
  Bailey: 1065 daAuts
     D:4: 863 daAuts
  Lair:2: 815 daAuts
     D:1: 806 daAuts
  Temple: 148 daAuts
